 Seeded DCSS version 0.30.1-4-g462c640d31 (webtiles) character file.

Game seed: 920673320228942481 (custom seed)

3 Psyclone the Stinger (level 1, 11/11 HPs)
             Began as an Octopode Venom Mage on Sept 19, 2023.
             Quit the game on level 1 of the Dungeon.
             The game lasted 00:00:50 (136 turns).

Psyclone the Stinger (Octopode Venom Mage)           Turns: 136, Time: 00:00:51

Health: 11/11      AC:  1    Str:  7    XL:     1   Next: 50%
Magic:  3/3        EV: 13    Int: 17    God:
Gold:   1431       SH:  0    Dex: 12    Spells: 3/4 levels left

rFire   . . .        (no weapon)
rCold   . . .        (no shield)
rNeg    . . .        (helmet restricted)
rPois   .            (no amulet)
rElec   .            (no ring)
rCorr   .            (no ring)
SInv    .            (no ring)
Will    .....        (no ring)
Stlth   +++          (no ring)
HPRegen 0.21/turn    (no ring)
MPRegen 0.08/turn    (no ring)
                     (no ring)

%: no passive effects
@: no status effects
A: almost no armour, amphibious, 8 rings, camouflage 1, gelatinous body 1,
(nimble swimmer 1), tentacles
a: no special abilities


You were on level 1 of the Dungeon.
You visited 1 branch of the dungeon, and saw 1 of its levels.

You collected 1431 gold pieces.

Inventory:

Jewellery
 c - a ring of wizardry
Potions
 a - a potion of magic
 b - a potion of resistance {unknown}


   Skills:
 + Level 2.0 Dodging
 + Level 2.8 Stealth
 + Level 2.0 Spellcasting
 + Level 1.1 Transmutations
 + Level 3.7 Poison Magic


You had 3 spell levels left.
You knew the following spells:

 Your Spells              Type           Power      Damage    Failure   Level
a - Sting                 Tmut/Pois      36%        1d4       7%          1

Your spell library contained the following spells:

 Spells                   Type           Power      Damage    Failure   Level
 Poisonous Vapours        Pois/Air       16%        N/A       14%         2
 Foxfire                  Conj/Fire      4%         2x1d4     19%         1
 Cigotuvi's Dreadful Rot  Necr/Pois/Air  10%        N/A       19%         2
 Scorch                   Fire           2%         2d5       28%         2
 Mephitic Cloud           Conj/Pois/Air  5%         N/A       34%         3
 Inner Flame              Hex/Fire       1%         N/A       50%         3
 Olgreb's Toxic Radiance  Pois           14%        N/A       38%         4
 Sticky Flame             Conj/Fire      1%         2d3       88%         4


Dungeon Overview and Level Annotations

Branches:
Dungeon (1/15) Zot: 5864

Altars:


Innate Abilities, Weirdness & Mutations

You cannot wear most types of armour.
You are amphibious.
You can wear up to eight rings at the same time.
Your skin changes colour to match your surroundings (Stealth+).
Your rubbery body absorbs attacks. (AC +1, EV +1)
((You are camouflaged when in or above water. (Stealth+)))
You have tentacles for arms and can constrict up to eight enemies at once.


Message History

The sting hits the dart slug.
The dart slug looks even sicker.
The dart slug is heavily wounded.
You now have 1/3 mp.
You tentacle-slap the dart slug but do no damage.
You grab the dart slug. You squeeze the dart slug.
You kill the dart slug!
Magic restored.
You open the door.
There is an open door here.
You open the door.
There is an open door here.
You open the door.
There is an open door here.
b - a smoky grey potion MP restored: 3
c - a ring of wizardry
There is an open door here.
There is an open door here.
A ball python comes into view.
Casting: Sting (safe; 8% risk of failure)
Confirm with . or Enter, or press ? or * to list all spells.
Aiming: Sting (safe; 8% risk of failure)
Press: ? - help, Shift-Dir - straight line, f - ball python
Aim: a ball python (asleep, 100% to hit)
The sting hits the ball python.
The ball python is poisoned.
You kill the ball python!
You now have 2/3 mp.
Found a stone staircase leading down.
Found 3 scrolls labelled NOEDYA EDEF.
MP restored: 3
Found a hand axe.
d - 3 scrolls labelled NOEDYA EDEF This is a scroll of acquirement!
Something appears before you! Something appears before you!
You see here the Compilation of Accelerants and Poison.
Something appears before you!
You pick up the Compilation of Accelerants and Poison and begin reading...
You add the spells Foxfire, Scorch, Cigotuvi's Dreadful Rot, Inner Flame and Sticky Flame to your library.
You now have 1431 gold pieces (gained 1427).
Are you sure you want to abandon this character and quit the game? (Confirm with "yes".)

####### ... #..... ..#.
#.... .... ##... #...
... ...###.# ...#.# #+#
#.#@#####. #######
....#.........) ......#
#.....#.######.#
...##.#.#...#....##
....#.#.##+#####..##
......#. #.######..#
....###.##........>####
###.###.................
#.#.....##############


There were no monsters in sight!

Vanquished Creatures
  A dart slug (D:1)
  A ball python (D:1)
2 creatures vanquished.

Notes
Turn   | Place    | Note
-------+----------+-------------------------------------------
     0 | D:1      | Psyclone the Octopode Venom Mage began the quest for the
                  | Orb.
     0 | D:1      | Reached XP level 1. HP: 11/11 MP: 3/3
   130 | D:1      | Identified 3 scrolls of acquirement
   130 | D:1      | Acquired 569 gold pieces
   131 | D:1      | Acquired 858 gold pieces
   132 | D:1      | Acquired the Compilation of Accelerants and Poison
   136 | D:1      | Quit the game

Illustrated notes

Levels and vault maps discovered:
D:1:      dpeg_arrival_orchard, layout_basic

Action                     || total
---------------------------++-------
  Melee: Unarmed           ||     1
         Constrict         ||     1
         Tentacles         ||     1
   Cast: Sting             ||     3
    Use: Scroll            ||     3
